 Dungeon Crawl Stone Soup version 0.24-a0-762-gca426f5 (webtiles) character file.

Game seed: 14937480886252841322, levelgen mode: deterministic

126 COBRA the Chopper (level 5, -8/41 HPs)
             Began as a Barachi Fighter on Oct 3, 2019.
             Mangled by an ogre
             ... wielding a +0 giant club
              (29 damage)
             ... on level 4 of the Dungeon.
             The game lasted 00:03:50 (1172 turns).

COBRA the Chopper (Barachi Fighter)                 Turns: 1172, Time: 00:03:50

Health: -8/41      AC:  6    Str: 23    XL:     5   Next: 9%
Magic:  5/5        EV:  7    Int:  5    God:
Gold:   113        SH:  9    Dex: 12    Spells: 4/4 levels left

rFire    . . .     SeeInvis .   a - +0 war axe
rCold    . . .     Gourm    .   c - +0 shield
rNeg     . . .     Faith    .   b - +0 scale mail
rPois    .         Spirit   .   (no helmet)
rElec    .         Reflect  .   (no cloak)
rCorr    .         Harm     .   (no gloves)
MR       .....                  (no boots)
Stlth    ..........             (no amulet)
HPRegen  0.13/turn              h - -3 ring of intelligence (curse)
MPRegen  0.09/turn              (no ring)

@: mighty, slow
A: +LOS, swims, slowness 1, strong legs 1
a: Hop


You were on level 4 of the Dungeon.
You were hungry.

You visited 1 branch of the dungeon, and saw 4 of its levels.

You collected 113 gold pieces.

Inventory:

Hand Weapons
 a - a +0 war axe (weapon)
Armour
 b - a +0 scale mail (worn)
 c - a +0 shield (worn)
Jewellery
 h - a cursed -3 ring of intelligence (left hand)
 n - an uncursed ring of ice
Scrolls
 g - 2 scrolls of random uselessness {unknown}
 i - 2 scrolls of identify {unknown}
 l - a scroll of immolation {unknown}
 o - a scroll of teleportation {unknown}
 q - a scroll of remove curse {unknown}
Potions
 d - a potion of might
 e - a potion of brilliance {unknown}
 j - 3 potions of curing {unknown}
 k - a potion of heal wounds {unknown}
 m - 2 potions of degeneration {unknown}
Comestibles
 f - 8 rations


   Skills:
 - Level 3.6 Fighting
 * Level 5.6 Axes
 - Level 3.6 Armour
 - Level 3.2 Shields


You had 4 spell levels left.
You didn't know any spells.
Your spell library was empty.

Dungeon Overview and Level Annotations

Branches:
Dungeon (4/15)
 Temple: D:4-7

Altars:
Fedhas


Innate Abilities, Weirdness & Mutations

Shadows flee at your approach. (+LOS)
You can swim through water.
You cover ground slowly.
You can hop short distances.


Message History

The ball python constricts you. You block the ball python's attack.
The ball python constricts you.
You escape the ball python's grasp.
The ogre closely misses you.
Okay, then.
You feel very mighty all of a sudden.
You slice the ball python!!
You kill the ball python!
You barely miss the ogre. The ogre hits you with a +0 giant club.
You slash the ogre!
The ogre is heavily wounded.
You slash the centaur skeleton! The centaur skeleton hits you.
The ogre hits you with a +0 giant club! The centaur skeleton hits you.
You slash the ogre!
The ogre is almost dead.
You slash the centaur skeleton! You hit the jackal.
The centaur skeleton hits you but does no damage.
The ogre hits you with a +0 giant club!!
Ouch! That really hurt!
You die...

#.. #.# #.# #..####
#....#########
#............#
#..###......##
#.........#####OZh##
#.........# #..@..#
#.....O...# ##....#
#.........# #....##
#.......Z.# #..<..#
##......... #......#
#......... ##.....#
##......... #....##
##...# #..##


You could see an ogre, a jackal and a centaur skeleton.

Vanquished Creatures
  A gnoll (D:1)
  6 adders
  An ooze (D:1)
  2 dart slugs (D:2)
  5 leopard geckos
  2 ball pythons
  3 bats
  7 goblins
  5 hobgoblins (D:2)
  4 jackals
  3 frilled lizards
  4 kobolds
  6 rats
49 creatures vanquished.

Notes
Turn   | Place    | Note
-------+----------+-------------------------------------------
     0 | D:1      | COBRA the Barachi Fighter began the quest for the Orb.
     0 | D:1      | Reached XP level 1. HP: 18/18 MP: 1/1
    94 | D:1      | Reached XP level 2. HP: 16/24 MP: 2/2
    96 | D:1      | Reached skill level 3 in Axes
   239 | D:1      | Reached XP level 3. HP: 29/29 MP: 3/3
   276 | D:2      | Reached skill level 4 in Axes
   382 | D:2      | Found a blossoming altar of Fedhas.
   504 | D:2      | Reached XP level 4. HP: 20/36 MP: 4/4
   724 | D:2      | Reached skill level 5 in Axes
   997 | D:3      | Reached XP level 5. HP: 25/41 MP: 5/5
  1156 | D:4      | Noticed an ogre
  1172 | D:4      | Mangled by an ogre

Levels and vault maps discovered:
D:1:      dpeg_arrival_tiny_c, layout_basic, nrook_campfire, nrook_loot_triangle
D:2:      layout_loops_ring, lemuel_zombie_altar_yredelemnul, marbit_many_paths,
          first_ration, minmay_heptomino_o4
D:3:      layout_basic, lemuel_doored_altar, lightli_temple_of_fire, uniq_robin
D:4:      layout_cave_pods, uniq_pikel

Skill      XL: |  1  2  3  4 |
---------------+-------------+-----
Axes           | 3 4 5 |  5.6
Fighting       | |  3.6
Armour         | |  3.6
Shields        | |  3.2

Action                   |  1- 3 |  4- 6 || total
-------------------------+-------+-------++-------
Melee: War axe           |    76 |    65 ||   141
  Use: Potion            |       |     1 ||     1
  Eat: Chunk             |       |     1 ||     1
Armor: Scale mail        |    45 |    29 ||    74
Dodge: Dodged            |    36 |    19 ||    55
Block: Shield            |    53 |    35 ||    88

Table legend:
 A = Non-vault XP
 B = Vault XP
 C = Vault XP percentage of total XP
 D = Non-vault monster count
 E = Vault monster count
 F = Vault count percentage of total count
                 A         B        C        D         E       F
            +---------+---------+-------+---------+---------+-------
      Total |     157 |      23 |  12.8 |      42 |       7 |  14.3
            +---------+---------+-------+---------+---------+-------
        D:1 |      48 |       0 |   0.0 |      17 |       0 |   0.0
        D:2 |      81 |      23 |  22.1 |      18 |       7 |  28.0
        D:3 |      24 |       0 |   0.0 |       5 |       0 |   0.0
        D:4 |       4 |       0 |   0.0 |       2 |       0 |   0.0
            +---------+---------+-------+---------+---------+-------
